 Dungeon Crawl Stone Soup version 0.20.1-1-g8b1a95d (webtiles) character file.

104 Vodalian the Skirmisher (level 4, -2/41 HPs)
             Began as a Minotaur Berserker on Dec 8, 2017.
             Was a Believer of Trog.
             Killed from afar by Crazy Yiuf (7 damage)
             ... with a wand of flame (?/48)
             ... on level 2 of the Dungeon.
             The game lasted 00:05:02 (1188 turns).

Vodalian the Skirmisher (Minotaur Berserker)        Turns: 1188, Time: 00:05:02

Health: -2/41      AC:  7    Str: 21    XL:     4   Next: 52%
Magic:  0/3        EV: 10    Int:  4    God:    Trog [**....]
Gold:   73         SH:  5    Dex: 11    Spells: 3/3 levels left

rFire    . . .     SeeInvis .   a - +0 hand axe
rCold    . . .     Gourm    .   d - +2 buckler
rNeg     + . .     Faith    +   l - +0 scale mail
rPois    .         Spirit   .   (helmet restricted)
rElec    .         Reflect  .   b - +0 cloak
rCorr    .         Harm     .   (no gloves)
MR       .....                  (no boots)
Stlth    ..........             g - amulet of faith
Regen    0.2/turn               h - ring of positive energy
MPRegen  0.1/turn               (no ring)

@: lethally poisoned (-2 -> -12), berserk cooldown, slowed, drained, very slow
A: retaliatory headbutt, horns 2
a: Berserk, Trog's Hand, Burn Spellbooks, Renounce Religion


You were on level 2 of the Dungeon.
You worshipped Trog.
Trog was pleased with you.
You were very hungry.

You visited 1 branch of the dungeon, and saw 2 of its levels.

You collected 73 gold pieces.

Inventory:

Hand Weapons
 a - a +0 hand axe (weapon)
Armour
 b - a +0 cloak (worn)
 d - a +2 buckler (worn)
 l - a +0 scale mail (worn)
Jewellery
 e - a +3 amulet of reflection {unknown}
 g - an amulet of faith (around neck)
 h - a ring of positive energy (left hand)
Scrolls
 i - 3 scrolls of identify {unknown}
 k - a scroll of fog {unknown}
Potions
 f - a potion of curing {unknown}
 j - 2 potions of ambrosia {unknown}
 n - a potion of mutation {unknown}
 o - a potion of degeneration {unknown}
Comestibles
 c - 2 bread rations
 m - 7 chunks of flesh


   Skills:
 * Level 4.7(4.6) Fighting
 * Level 4.6(4.5) Axes
 + Level 3.2(3.1) Armour
 + Level 2.7(2.6) Dodging
 + Level 1.0(0.9) Shields


You had 3 spell levels left.
You didn't know any spells.

Dungeon Overview and Level Annotations

Branches:
Dungeon (2/15)

Altars:

Annotations:
D:2 Crazy Yiuf


Innate Abilities, Weirdness & Mutations

You reflexively headbutt those who attack you in melee.
You have a pair of horns on your head.


Message History

You feel sick. Crazy Yiuf hits you but does no damage. You partially resist.
You feel drained.
You feel sick.
Crazy Yiuf says, "Trifle!
Cards arm testudinal."
Crazy Yiuf hits you with a quarterstaff of chaos!
You feel your power leaking away.
You can move again.
You slash Crazy Yiuf!
Crazy Yiuf is heavily wounded.
You feel sick. Crazy Yiuf hits you but does no damage.
You barely miss Crazy Yiuf. You headbutt Crazy Yiuf.
Crazy Yiuf is severely wounded.
You feel sick. You block Crazy Yiuf's attack.
Crazy Yiuf zaps a wand.
The puff of flame hits you!
* * * LOW HITPOINT WARNING * * *
You hit Crazy Yiuf.
Crazy Yiuf is almost dead.
* * * LOW HITPOINT WARNING * * *
You feel sick.
Crazy Yiuf zaps a wand.
The puff of flame hits you!
You die...

♣P.PP♣
♣.PP♣♣
♣♣.♣♣
♣.♣♣
♣♣.♣
♣.♣♣
♣♣.♣
##'##
#.@.#
#.g.#
#..)#
#####


You could see Crazy Yiuf.

Vanquished Creatures
  Natasha (D:2)
  4 gnolls (D:2)
  An adder (D:2)
  3 giant cockroaches
  2 hobgoblins (D:1)
  8 jackals
  2 bats
  3 frilled lizards (D:1)
  5 goblins
  A kobold (D:1)
30 creatures vanquished.

Notes
Turn   | Place    | Note
-------+----------+-------------------------------------------
     0 | D:1      | Vodalian the Minotaur Berserker began the quest for the Orb.
     0 | D:1      | Reached XP level 1. HP: 19/19 MP: 0/0
   120 | D:1      | Reached XP level 2. HP: 26/27 MP: 1/1
   829 | D:2      | Reached XP level 3. HP: 34/34 MP: 2/2
   841 | D:2      | Reached ** piety under Trog
  1124 | D:2      | Reached XP level 4. HP: 41/41 MP: 3/3
  1136 | D:2      | Noticed Natasha
  1145 | D:2      | Killed Natasha
  1145 | D:2      | Reached skill level 1 in Shields
  1171 | D:2      | Found a runed door.
  1177 | D:2      | Noticed Crazy Yiuf
  1181 | D:2      | Paralysed by Crazy Yiuf for 5 turns
  1188 | D:2      | Killed from afar by Crazy Yiuf

Skill      XL: |  1  2  3  4 |
---------------+-------------+-----
Fighting       | 4 |  4.7
Axes           | 4 |  4.6
Armour         | 3 |  3.2
Shields        | 1 |  1.0
Dodging        | |  2.7

Action                   |  1- 3 |  4- 6 || total
-------------------------+-------+-------++-------
Melee: Hand axe          |    60 |    13 ||    73
       Headbutt          |    12 |     4 ||    16
Invok: Berserk           |       |     1 ||     1
       Trog's Hand       |       |     1 ||     1
  Eat: Chunk             |     1 |       ||     1
Armor: Animal skin       |     4 |       ||     4
       Ring mail         |    14 |       ||    14
       Scale mail        |    18 |     8 ||    26
Dodge: Dodged            |    29 |     8 ||    37
Block: Buckler           |    19 |     5 ||    24
